 Dungeon Crawl Stone Soup version 0.18.1-50-g88ac8fd (webtiles) character file.

550 Peloso the Covered (level 7, -8/59 (60) HPs)
             Began as a Ghoul Fighter on Oct 27, 2016.
             Mangled by Tyryt0's ghost (14 damage)
             ... on level 5 of the Dungeon.
             The game lasted 00:08:49 (4243 turns).

Peloso the Covered (Ghoul Fighter)                  Turns: 4243, Time: 00:08:50

HP:   -8/59 (60)    AC: 15    Str: 20    XL:     7   Next: 29%
MP:   15/15         EV:  1    Int:  3    God:
Gold: 249           SH:  9    Dex: 10    Spells: 0 memorised, 6 levels left

rFire  . . .     SeeInvis .     a - +0 long sword (protect)
rCold  + . .     Gourm    .     l - +0 chain mail
rNeg   + + +     Faith    .     c - +0 shield
rPois  ∞         Spirit   .     (no helmet)
rElec  .         Dismiss  .     v - +0 cloak
rCorr  .         Reflect  .     (no gloves)
SustAt .         Harm     .     (no boots)
MR     .....                    (no amulet)
Stlth  ..........               (no ring)
                                d - ring of magical power

@: rotting, not resistant to hostile enchantments, extremely unstealthy
A: rotting body, claws 1, carnivore 3, cold resistance 1, negative energy
resistance 3, slow regeneration 1, torment resistance, unbreathing
a: no special abilities


You were on level 5 of the Dungeon.
You were not hungry.

You visited 1 branch of the dungeon, and saw 5 of its levels.

You collected 249 gold pieces.

Inventory:

Hand Weapons
 a - a +0 long sword of protection (weapon)
Armour
 b - a +0 scale mail
 c - a +0 shield (worn)
 l - a +0 chain mail (worn)
 v - a +0 cloak (worn)
Jewellery
 d - a ring of magical power (left claw)
 g - an uncursed ring of ice
Scrolls
 e - 3 scrolls of identify
 h - a scroll of teleportation
 i - a scroll of enchant weapon {unknown}
 s - 3 scrolls of fear {unknown}
 t - a scroll of blinking {unknown}
 u - a scroll of magic mapping {unknown}
 y - a scroll of recharging {unknown}
Potions
 j - 2 potions of curing
 n - a potion of heal wounds
 r - 4 potions of brilliance
Comestibles
 f - 3 meat rations
 k - 5 chunks of flesh
 w - a royal jelly


   Skills:
 + Level 4.4 Fighting
 + Level 3.8 Long Blades
 + Level 4.6 Armour
 + Level 2.1 Dodging
 + Level 3.9 Shields


You had 6 spell levels left.
You didn't know any spells.

Dungeon Overview and Level Annotations

Branches:
Dungeon (5/15)
 Temple: D:4-7

Altars:
Ashenzari

Annotations:
D:2 Ijyb
D:5 Tyryt0's ghost, novice OpAs


Innate Abilities, Weirdness & Mutations

Your body is rotting away.
You thrive on raw meat.
You are immune to poison.
You have sharp fingernails.
You are carnivorous and can eat meat at any time.
Your flesh is cold resistant.
You are immune to negative energy.
You regenerate slowly when monsters are visible.
You are immune to unholy pain and torment.
You can survive without breathing.


Message History

Tyryt0's ghost is lightly damaged.
Tyryt0's ghost hits you.
You hit Tyryt0's ghost.
Tyryt0's ghost is lightly damaged.
Tyryt0's ghost hits you but does no damage.
You barely miss Tyryt0's ghost.
Tyryt0's ghost is lightly damaged.
Tyryt0's ghost grins evilly.
You block Tyryt0's ghost's attack.
Some of the chunks of flesh in your inventory have rotted away.
You hit Tyryt0's ghost.
Tyryt0's ghost is moderately damaged.
Tyryt0's ghost hits you but does no damage.
You are electrocuted!
Tyryt0's ghost hits you but does no damage.
You are electrocuted!
* * * LOW HITPOINT WARNING * * *
Tyryt0's ghost hits you but does no damage.
You are electrocuted!
You die...

### ..##.
####...
##.##.##..... .
...#.##.#..#.#
#..#.......#.#
#W.#.........
#@.#.#...#.#
#..........#
######.##.#...#
...>.........?##
#######....####
######


You could see Tyryt0's ghost.

Vanquished Creatures
  Sigmund (D:2)
  2 scorpions (D:4)
  A howler monkey (D:4)
  Crazy Yiuf (D:2)
  A centaur skeleton (D:4)
  An orc wizard (D:4)
  A hound skeleton (D:4)
  4 adders
  4 gnolls (D:3)
  2 adder skeletons (D:4)
  2 worms (D:3)
  2 dart slugs
  2 giant geckos (D:4)
  5 orcs
  2 giant cockroaches (D:1)
  8 goblins
  8 hobgoblins
  2 quokkas
  2 bats
  8 giant newts
  A jackal zombie (D:4)
  9 kobolds
  9 rats
78 creatures vanquished.

Notes
Turn   | Place    | Note
--------------------------------------------------------------
     0 | D:1      | Peloso the Ghoul Fighter began the quest for the Orb.
     0 | D:1      | Reached XP level 1. HP: 19/19 MP: 0/0
   263 | D:1      | Reached XP level 2. HP: 21/25 MP: 1/1
   663 | D:1      | Reached XP level 3. HP: 33/33 MP: 2/2
  1294 | D:2      | Noticed Sigmund
  1306 | D:2      | Killed Sigmund
  1306 | D:2      | Reached skill level 1 in Dodging
  1306 | D:2      | Reached XP level 4. HP: 27/40 MP: 3/3
  1306 | D:2      | Reached XP level 5. HP: 31/46 MP: 4/4
  1778 | D:2      | Noticed Crazy Yiuf
  1790 | D:2      | Killed Crazy Yiuf
  1790 | D:2      | Reached XP level 6. HP: 36/50 MP: 5/5
  1972 | D:2      | Noticed Ijyb
  3621 | D:4      | Reached XP level 7. HP: 56/60 MP: 6/6
  3640 | D:4      | Found a shattered altar of Ashenzari.
  4131 | D:5      | Entered Level 5 of the Dungeon
  4149 | D:5      | Noticed Tyryt0's ghost (novice OpAs)
  4243 | D:5      | Mangled by Tyryt0's ghost

Skill      XL: |  1  2  3  4  5  6 |
---------------+-------------------+-----
Long Blades    | 2 3 |  3.8
Fighting       | 4 |  4.4
Armour         | 3 4 |  4.6
Dodging        | 1 2 |  2.1
Shields        | 3 |  3.9

Action                   |  1- 3 |  4- 6 |  7- 9 || total
-------------------------+-------+-------+-------++-------
Melee: Long sword        |   111 |   179 |   105 ||   395
  Use: Potion            |     1 |       |       ||     1
       Scroll            |       |     9 |       ||     9
  Eat: Chunk             |     2 |     9 |     1 ||    12
Armor: Scale mail        |    33 |       |       ||    33
       Chain mail        |    27 |    96 |    78 ||   201
Dodge: Dodged            |    31 |    39 |    30 ||   100
Block: Shield            |    47 |    73 |    63 ||   183
